[Event "FIDE U16 Olympiad_boards_1-80"]
[Site "Eindhoven, Netherlands"]
[Date "2023.08.14"]
[Round "2.24"]
[White "Kaldarova, Ayaulym"]
[Black "Abdinova, Narmin"]
[Result "0-1"]
[TimeControl "2700+10"]
[WhiteElo "1845"]
[BlackElo "1804"]

1. Nf3 d5 2. g3 Nc6 3. d4 Bf5 4. c4 e6 5. Bg2 Nb4 6. O-O Nc2 7. cxd5 Nxa1 8. e4 Bxe4 9. dxe6 fxe6 10.
Nc3 Bd5 11. Re1 Be7 12. Nxd5 exd5 13. Bg5 h6 14. Bd2 Nf6 15. Bb4 Ne4 16. Bxe7 Qxe7 17. Nh4 O-O 18. f3 Qb4 19. Re2 Nd6 20.
f4 Ne4 21. Nf3 c5 22. Qxa1 cxd4 23. Qd1 Rac8 24. Bh3 d3 25. Qxd3 Rc1+ 26. Kg2 Rd8 27. Be6+ Kf8 28. Ne5 Qb6 29. Ng6+ Ke8 30. Bxd5 Qxg6 31. Rxe4+ Kf8 32. f5 Qd6 33.
Rd4 Rc5 34. f6 Rxd5 35. fxg7+ Kg8 36. Qb3 Qe5 37. Rf4 Qe2+ 38. Kh3 Qe6+ 39. Kh4 Re5 40. Qf3 Qe7+ 41. Kh3 Kxg7 42. Qc3 Kh7 43.
Qc2+ Kh8 44. Qc3 Qg7 45. Qf3 Re7 46. Qh5 Re5 47. Qf3 Rd7 48. Rf8+ Kh7 49. Rf4 Qg6 50. Kg2 Rd2+ 51. Kh3 Qe6+ 52. Rg4 Rh5# 0-1

[Event "FIDE U16 Olympiad_boards_1-80"]
[Site "Eindhoven, Netherlands"]
[Date "2023.08.14"]
[Round "2.25"]
[White "Makridis, Dimitrios"]
[Black "Pichon, Ewen"]
[Result "1-0"]
[TimeControl "2700+10"]
[WhiteElo "2264"]
[BlackElo "2194"]

1. e4 c5 2. Nf3 e6 3. d4 cxd4 4. Nxd4 Nf6 5. Nc3 Nc6 6. a3 Be7 7. Nxc6 bxc6 8. e5 Nd5 9. Qg4 g6 10.
Bd2 Qc7 11. Qg3 O-O 12. Ne4 f5 13. exf6 Qxg3 14. f7+ Rxf7 15. hxg3 a5 16. Ng5 Bxg5 17. Bxg5 Ba6 18. c4 Nb6 19.
Rh4 d5 20. b3 a4 21. Be3 c5 22. Bxc5 Nd7 23. Be3 axb3 24. cxd5 b2 25. Rb1 exd5 26. Ra4 d4 27. Rxa6 Rxa6 28.
Bxa6 Re7 29. Kd2 dxe3+ 30. fxe3 Nc5 31. Bc4+ Kg7 32. Rxb2 Ne4+ 33.
Kd3 Nxg3 34. Bd5 Kf6 35. Rb7 Re5 36. e4 h6 37. a4 Nh5 38. Kd4 Re8 39. a5 Nf4 40. a6 Ne2+ 41. Kc5 Rc8+ 42. Kb6 Nc3 43. a7 Na4+ 44. Ka5 1-0

[Event "FIDE U16 Olympiad_boards_1-80"]
[Site "Eindhoven, Netherlands"]
[Date "2023.08.14"]
[Round "2.26"]
[White "Schippke, Manon"]
[Black "Magkalakis, Stefanos"]
[Result "0-1"]
[TimeControl "2700+10"]
[WhiteElo "2120"]
[BlackElo "2091"]

1. d4 Nf6 2. c4 e6 3. Nc3 Bb4 4. Qc2 d6 5. Bd2 Nc6 6. Nf3 e5 7. a3 Bxc3 8. Bxc3 Qe7 9. e3 O-O 10.
Be2 Bg4 11. d5 Nb8 12. h3 Bh5 13. b4 Bg6 14. Qb3 Ne4 15. Bb2 Nd7 16. O-O b6 17. Bd3 Nec5 18. bxc5 Nxc5 19. Qd1 Bxd3 20.
Re1 Bxc4 21. Bc3 Bb3 22. Qd2 Ne4 23. Qc1 Nxc3 24. Qxc3 Bxd5 25. e4 Be6 26. Rac1 c5 27. Nd2 b5 28.
f4 f6 29. f5 Bf7 30. Nf1 a5 31. Ne3 b4 32. Qd3 Rab8 33. Red1 bxa3 34. Nc4 Bxc4 35. Qxc4+ Qf7 36. Rd5 Rb4 37. Qd3 a2 38. Qc2 Rfb8 39.
Qxa2 Rxe4 40. Qd2 Rd4 41.
Rxd4 exd4 42. Qxa5 h6 43. Qa4 Qd5 44. Re1 Qxf5 45. Qc6 Qg6 46. Kh2 f5 47. Qd5+ Qf7 48. Qxd6 Re8 49. Rxe8+ Qxe8 50. Qxc5 Qe4 51. Qc8+ Kh7 52.
Qd7 d3 53. Kh1 f4 54. Kh2 f3 55. gxf3 Qxf3 56.
Kg1 Qe3+ 57. Kh1 Qe4+ 58. Kh2 h5 59. Kg1 Qe3+ 60. Kh2 d2 61. h4 Qe2+ 62. Kg3 Qg4+ 0-1

[Event "FIDE U16 Olympiad_boards_1-80"]
[Site "Eindhoven, Netherlands"]
[Date "2023.08.14"]
[Round "2.27"]
[White "Gkavardinas, Antonios"]
[Black "Bat, Bilguun"]
[Result "0-1"]
[TimeControl "2700+10"]
[WhiteElo "1978"]
[BlackElo "2220"]

1. e4 c5 2. Nf3 d6 3. d4 cxd4 4. Nxd4 Nf6 5. Nc3 a6 6. Be3 e5 7. Nb3 Be7 8. f3 Be6 9. Qd2 h5 10.
Nd5 Bxd5 11. exd5 Nbd7 12. O-O-O Qc7 13. c4 a5 14. Kb1 O-O 15. Bd3 a4 16. Nc1 b5 17. cxb5 Nb6 18. Bxb6 Qxb6 19.
Bc4 Rfc8 20. Qd3 Qc5 21. b3 Rcb8 22. Rhe1 Bd8 23. Re2 Qa7 24. Rc2 Bb6 25. b4 Re8 26. Re1 Bf2 27. Ree2 Bg1 28.
g3 Bd4 29. a3 Qb7 30. Na2 Rac8 31. Nc3 Bxc3 32. Qxc3 Nxd5 33. Bxd5 Qxd5 34. Qxc8 Rxc8 35. Rxc8+ Kh7 36. Re3 Qxb5 37. Rc1 f6 38. Kb2 d5 39. Rec3 d4 40. Rc5 Qe2+ 41. R1c2 Qxf3 42. b5 Qb3+ 43.
Kc1 Qxa3+ 44. Kd1 Qb3 45. Kd2 a3 46.
Rc1 a2 47. R5c2 Qb4+ 48. Kd1 Qxb5 49. Kd2 Qb1 0-1

[Event "FIDE U16 Olympiad_boards_1-80"]
[Site "Eindhoven, Netherlands"]
[Date "2023.08.14"]
[Round "2.28"]
[White "Patole, Noam"]
[Black "Gkoutzouki, Aikaterini Argyro"]
[Result "1-0"]
[TimeControl "2700+10"]
[WhiteElo "1916"]
[BlackElo "1548"]

1. e4 c5 2. Nf3 Nc6 3. Bb5 g6 4. O-O Bg7 5. c3 Nf6 6. Re1 O-O 7. d3 a6 8. Ba4 b5 9. Bc2 e5 10.
Be3 d6 11. h3 Qc7 12. Qe2 Bb7 13. Nbd2 Nd7 14. Nf1 Ne7 15. Ng3 d5 16. Rac1 d4 17. cxd4 exd4 18. Bd2 a5 19. a3 a4 20.
Bb1 Qb6 21. Ba2 b4 22. Bc4 Ba6 23. Bg5 Rfe8 24. Bxe7 Rxe7 25. Nd2 Bxc4 26. Nxc4 Qb5 27. f4 Rb8 28. e5 f5 29. Nd6 Qc6 30.
Qc2 Qa6 31. Nc4 b3 32. Qf2 Nf8 33. Nd6 Ne6 34. Rc4 Rf8 35. Ne2 Qa8 36. Rec1 Qa7 37. Qf3 Qa8 38. Qxa8 Rxa8 39. Rxc5 Nxc5 40.
Rxc5 Bf8 41. Nxd4 Rd7 42. N4b5 Bxd6 43. Nxd6 Kf8 44. d4 Ke7 45. Rc6 Ra5 46. Kf2 Ra8 47. Ke3 Ra5 48. Kd3 Ra8 49.
Nc8+ Kf7 50. e6+ 1-0

[Event "FIDE U16 Olympiad_boards_1-80"]
[Site "Eindhoven, Netherlands"]
[Date "2023.08.14"]
[Round "2.29"]
[White "Milikow, Elie"]
[Black "Perossa, Nicolas"]
[Result "1-0"]
[TimeControl "2700+10"]
[WhiteElo "2319"]
[BlackElo "2062"]

1. e4 e5 2. f4 exf4 3. Nf3 Ne7 4. d4 d5 5. Bd3 Nbc6 6. Bxf4 Bg4 7. c3 Ng6 8. Bg3 dxe4 9. Bxe4 Bd6 10.
O-O Bxg3 11. hxg3 O-O 12. Nbd2 Qd6 13. Qe1 Rae8 14. Qf2 f5 15. Bc2 Kh8 16. Rae1 b5 17. Bb3 Qf6 18. Rxe8 Rxe8 19.
Re1 Re7 20. Nh2 h5 21. Rf1 Qd6 22.
Nxg4 fxg4 23. Qf5 1-0

[Event "FIDE U16 Olympiad_boards_1-80"]
[Site "Eindhoven, Netherlands"]
[Date "2023.08.14"]
[Round "2.30"]
[White "Candian, Lorenzo"]
[Black "Vagman, Roy"]
[Result "1-0"]
[TimeControl "2700+10"]
[WhiteElo "1922"]
[BlackElo "2190"]

1. e4 g6 2. d4 Bg7 3. Nc3 a6 4. Be3 d6 5. g3 b5 6. Bg2 Bb7 7. Nge2 Nd7 8. O-O e6 9. Nf4 Ne7 10.
Nd3 Nb6 11. Ne2 O-O 12. c3 Rc8 13. f4 Nc4 14. Bf2 f5 15. e5 Bxg2 16. Kxg2 Qd7 17. b3 Nb6 18. Qc2 Rfd8 19. Rfd1 h6 20.
Kg1 Bf8 21. Rdc1 Nc6 22. c4 bxc4 23. bxc4 dxe5 24. Nxe5 Nxe5 25. dxe5 c5 26. Rab1 Qc7 27. a4 Qc6 28. a5 Nd7 29.
Rd1 Rb8 30. Nc3 Be7 31. Qa4 Qc7 32. Kg2 Nf8 33. Rxd8 Rxd8 34. Rb6 Nd7 35. Rxe6 Nf8 36. Rc6 Qb7 37. Nd5 Rd7 38. Rb6 Rxd5 39. Rxb7 1-0

[Event "FIDE U16 Olympiad_boards_1-80"]
[Site "Eindhoven, Netherlands"]
[Date "2023.08.14"]
[Round "2.31"]
[White "Uritsky, Yonathan"]
[Black "Vincenti, Leonardo"]
[Result "1-0"]
[TimeControl "2700+10"]
[WhiteElo "2074"]
[BlackElo "2180"]

1. Nf3 d5 2. g3 c6 3. Bg2 Bg4 4. O-O Nf6 5. b3 Nbd7 6. Bb2 Qc7 7. c4 e6 8. Nc3 Be7 9. d4 O-O 10.
Rc1 Rad8 11. h3 Bh5 12. Nd2 Qa5 13. f4 Bg6 14. a3 c5 15. cxd5 cxd4 16. b4 Bxb4 17. Nb3 Qa6 18. axb4 dxc3 19.
Bxc3 Be4 20. Ra1 Qc4 21. Qd4 Qxb3 22. Bxe4 e5 23. Bxh7+ Kxh7 24. fxe5 Nxd5 25. e6 N7f6 26. Qh4+ Kg8 27. Bxf6 Qe3+ 28. Kh1 Nxf6 29. Rxf6 Rd4 30. Rf4 Rxf4 31.
Qxf4 Qxe6 32. Qg4 Qd5+ 33. Qf3 Qd4 34. Ra2 Rc8 35. Kg2 Rc1 36. h4 a6 37. b5 Qc4 38. Rd2 Qxb5 39. Rd8+ Kh7 40. Rd5 Qc6 41. Qe4+ g6 42. h5 Rd1 43. hxg6+ fxg6 44. Qe7+ Kg8 45. Qd8+ Kf7 46.
e4 Qc2+ 47. Kf3 Rf1+ 48. Ke3 Re1+ 49. Kf4 Qxe4+ 50. Kg5 Qe3+ 51.
Kg4 Qe4+ 52. Kg5 Qe7+ 53. Qxe7+ Rxe7 54. g4 b5 55. Rd6 a5 56. Rf6+ Ke8 57. Kxg6 a4 58. Ra6 Rb7 59. g5 Ke7 60.
Kh7 Kf8+ 61. Kh8 a3 62. g6 Rb8 63. Ra7 Ke8 64. g7 1-0

[Event "FIDE U16 Olympiad_boards_1-80"]
[Site "Eindhoven, Netherlands"]
[Date "2023.08.14"]
[Round "2.32"]
[White "Zito, Enrica"]
[Black "Orian, Noga"]
[Result "1-0"]
[TimeControl "2700+10"]
[WhiteElo "1625"]
[BlackElo "1866"]

1. e4 c5 2. c3 Nf6 3. e5 Nd5 4. d4 cxd4 5. cxd4 d6 6. Nf3 Nc6 7. Bc4 Nb6 8. Bb5 dxe5 9. Nxe5 Bd7 10.
Nxd7 Qxd7 11. Nc3 e6 12. O-O Rd8 13. Be3 Be7 14. Qg4 O-O 15. Rfd1 f5 16. Qh5 Nd5 17. Bg5 Bxg5 18. Qxg5 Rf6 19.
Rac1 Rg6 20. Qh4 Rg4 21. Qh3 Nf4 22. Qf3 Nxg2 23. Kh1 Nh4 24. Qe3 Qd6 25. d5 Nd4 26. dxe6 Ng6 27. f3 Rh4 28.
Qf2 Qe7 29. Bd7 Qg5 30. Ne2 Nxe2 31. Qxe2 Kf8 32. Rc7 Qe7 33. Rdc1 Nf4 34. Qc2 g6 35. Bc8 Qg5 36. e7+ Kg8 37.
exd8=Q+ Qxd8 38. Qb3+ Kh8 39. Qc3+ Kg8 40. Qg7# 1-0

[Event "FIDE U16 Olympiad_boards_1-80"]
[Site "Eindhoven, Netherlands"]
[Date "2023.08.14"]
[Round "2.33"]
[White "Grgantov, Marin"]
[Black "Magold, Filip"]
[Result "1/2-1/2"]
[TimeControl "2700+10"]
[WhiteElo "2192"]
[BlackElo "2195"]

1. e4 c5 2. Nf3 d6 3. d4 cxd4 4.
Nxd4 Nf6 5. Nc3 a6 6. Be3 e5 7. Nf3 Be7 8. Bc4 O-O 9. O-O Nc6 10. Qe2 Na5 11. Nd2 Bd7 12. Rfd1 b5 13. Bb3 h6 14. Nd5 Nxb3 15.
Nxf6+ Bxf6 16. axb3 Be7 17. Nb1 f5 18. exf5 Bxf5 19. Nc3 Rf7 20. Nd5 Bf8 21. c4 bxc4 22. Qxc4 Rc8 23. Qxa6 Qh4 24.
Qa4 Qh5 25. Rdc1 Rxc1+ 26. Rxc1 Qg6 27. Nc3 d5 28. Ne2 d4 29. Bd2 h5 30. Ng3 Bd7 31. Qa8 h4 32. Ne4 Bf5 33. Ng5 Rf6 34. Qd5+ Be6 35. Qxe5 Bxb3 36. Qxd4 Rd6 37. Qe3 Bd5 38.
f3 Rc6 39. Rxc6 Qxc6 40. Qc3 Qg6 41. Be3 Qb1+ 42. Kf2 Qf5 43. Qd4 Be7 44. Ne4 h3 45. gxh3 Be6 46. Nc5 Qc2+ 47. Kg3 Qg6+ 48. Kf2 Qc2+ 49. Kg1 Qg6+ 50. Kf2 Qc2+ 51.
Kg3 Qg6+ 52. Kf2 1/2-1/2

[Event "FIDE U16 Olympiad_boards_1-80"]
[Site "Eindhoven, Netherlands"]
[Date "2023.08.14"]
[Round "2.34"]
[White "Filip, Andrei"]
[Black "Colev, Ivor"]
[Result "1-0"]
[TimeControl "2700+10"]
[WhiteElo "2182"]
[BlackElo "1895"]

1. e4 c5 2. Nf3 d6 3. Bb5+ Nd7 4. c4 Ngf6 5. Nc3 a6 6. Ba4 e6 7. O-O Be7 8. d4 cxd4 9. Nxd4 Qc7 10. Qe2 O-O 11. Be3 Ne5 12. Bb3 Neg4 13.
Bd2 d5 14. Nf3 d4 15. Nd1 b5 16. cxb5 Bb7 17. h3 d3 18. Qxd3 Bxe4 19. Qc3 Qb8 20. hxg4 Nxg4 21. Re1 Bxf3 22.
Qxf3 Qh2+ 23. Kf1 Qh5 24. Bf4 Bg5 25. Qh3 Bh4 26. Kg1 g5 27. Bc7 Rfc8 28. b6 Nf6 29. b7 g4 30. bxa8=Q Rxa8 31. Qe3 Bg5 32. Bf4 h6 33.
Nc3 Kg7 34. Ne4 Nd5 35. Bxd5 exd5 36. Bxg5 hxg5 37. Qxg5+ 1-0

[Event "FIDE U16 Olympiad_boards_1-80"]
[Site "Eindhoven, Netherlands"]
[Date "2023.08.14"]
[Round "2.35"]
[White "Sundac, Ivano"]
[Black "Cnejev, Vladimir-Alexandru"]
[Result "0-1"]
[TimeControl "2700+10"]
[WhiteElo "1877"]
[BlackElo "2164"]

1. d4 d5 2. c4 e6 3. Nc3 Nf6 4.
cxd5 exd5 5. Bg5 c6 6. Qc2 Be7 7. e3 Nbd7 8. Bd3 Nh5 9. Bxe7 Qxe7 10. Nge2 Nb6 11. O-O g6 12. a4 a5 13.
Rae1 O-O 14. Nc1 Ng7 15. Nb3 Bf5 16. Nc5 Bxd3 17. Qxd3 Ne6 18. Nxe6 Qxe6 19. b3 Rfe8 20. Ne2 Nc8 21.
Nf4 Qe7 22. Qc2 Nd6 23. Rc1 Kg7 24. Rfe1 h5 25. f3 h4 26. Nd3 Qg5 27. Qf2 Re7 28. Re2 Rae8 29. Rce1 Qf5 30. Rd2 f6 31.
Nf4 Qxf4 0-1

[Event "FIDE U16 Olympiad_boards_1-80"]
[Site "Eindhoven, Netherlands"]
[Date "2023.08.14"]
[Round "2.36"]
[White "Maria, Lia-Alexandra"]
[Black "Begic, Klara"]
[Result "1-0"]
[TimeControl "2700+10"]
[WhiteElo "1859"]
[BlackElo "1812"]

1. e4 e6 2. d4 d5 3. Nc3 Nf6 4. Bg5 Be7 5. e5 Nfd7 6. Bxe7 Qxe7 7. Nf3 a6 8. Bd3 c5 9. dxc5 Nxc5 10.
O-O Nc6 11. Re1 Bd7 12. Bf1 b5 13. a4 b4 14. Ne2 O-O 15. Nf4 Ne4 16. h4 f6 17. Nxd5 Qc5 18. Nxf6+ Rxf6 19. Rxe4 Rf7 20.
Bd3 h6 21. Re3 Bc8 22. Bg6 Rf4 23. Re4 Rf8 24. Qd6 Qb6 25. Rc4 Bb7 26. Qxe6+ Kh8 27. Be4 1-0

[Event "FIDE U16 Olympiad_boards_1-80"]
[Site "Eindhoven, Netherlands"]
[Date "2023.08.14"]
[Round "2.37"]
[White "Borrmann, Laurenz"]
[Black "Lavrencic, Matic"]
[Result "1-0"]
[TimeControl "2700+10"]
[WhiteElo "2238"]
[BlackElo "2220"]

1. d4 Nf6 2. c4 e6 3. Nc3 Bb4 4. e3 O-O 5. Bd3 d5 6. a3 Bxc3+ 7. bxc3 dxc4 8. Bxc4 c5 9. Ne2 Qc7 10. Ba2 b6 11. O-O Ba6 12. Bb2 Rd8 13. Rc1 Nc6 14.
c4 cxd4 15. exd4 b5 16. d5 bxc4 17. Bxf6 gxf6 18. Bxc4 Bxc4 19. Rxc4 exd5 20. Rh4 Ne5 21. Qd2 Ng6 22. Rh5 Re8 23.
Rxd5 Rad8 24. Ng3 Rxd5 25. Qxd5 Qe5 26. Qd7 Re7 27. Qg4 Rc7 28. h4 Qe6 29. Qh5 Qe5 30. Qd1 Re7 31. h5 Nf4 32.
Qg4+ Kf8 33. Nf5 Ne2+ 34. Kh1 Rc7 35. Rd1 Rd7 36. Qg7+ 1-0

[Event "FIDE U16 Olympiad_boards_1-80"]
[Site "Eindhoven, Netherlands"]
[Date "2023.08.14"]
[Round "2.38"]
[White "Olenik Campa, Rudi"]
[Black "Balint, Peter"]
[Result "1/2-1/2"]
[TimeControl "2700+10"]
[WhiteElo "2110"]
[BlackElo "2162"]

1. e4 c5 2. Nf3 e6 3. g3 Nc6 4.
Bg2 d6 5. d4 cxd4 6. Nxd4 Bd7 7. O-O Nf6 8. Nc3 Be7 9. a4 O-O 10. b3 a6 11. Nxc6 Bxc6 12. a5 Qc7 13. Be3 Nd7 14.
Bd4 Bf6 15. Bxf6 Nxf6 16. Qd4 Rfd8 17. Na4 Bxa4 18. Qxa4 Nd7 19. c4 Nc5 20. Qa2 e5 21. b4 Ne6 22. f4 Rac8 23. Rac1 b5 24. c5 dxc5 25. f5 Nd4 26. Rxc5 Qe7 27.
Rfc1 Rxc5 28. Rxc5 g6 29. h4 Kg7 30. Qf2 f6 31. g4 Rd7 32. g5 fxg5 33. Rc8 gxf5 34. exf5 Qf6 35. hxg5 Qxf5 36. Qxf5 Nxf5 37. Rc6 Rd1+ 38.
Kf2 Rd2+ 39. Kg1 Rd6 40. Rb6 Rd1+ 41. Kf2 Rd2+ 42. Kg1 Rd1+ 43. Kf2 Rd2+ 44. Kg1 Rd1+ 1/2-1/2

[Event "FIDE U16 Olympiad_boards_1-80"]
[Site "Eindhoven, Netherlands"]
[Date "2023.08.14"]
[Round "2.39"]
[White "Ernst, Robert"]
[Black "Skrbec, Leon"]
[Result "0-1"]
[TimeControl "2700+10"]
[WhiteElo "2088"]
[BlackElo "2079"]

1. d4 Nf6 2. c4 e6 3. Nc3 Bb4 4. e3 b6 5. Nge2 Bb7 6.
a3 Bxc3+ 7. Nxc3 O-O 8. Bd3 d6 9. O-O e5 10. d5 Nbd7 11. e4 a5 12. Bg5 h6 13. Bh4 g5 14. Bg3 Kg7 15.
b4 Re8 16. f3 Nf8 17. c5 axb4 18. axb4 Rxa1 19. Qxa1 bxc5 20. bxc5 c6 21. Rb1 Ba8 22. dxc6 Bxc6 23. Bc4 dxc5 24. Nd5 Bxd5 25. exd5 N8d7 26. Qa7 e4 27. fxe4 Rxe4 28. Bb5 Qe7 29. d6 Qe6 30.
Rf1 c4 31. Qc7 h5 32. h3 h4 33. Bh2 g4 34. hxg4 Qxg4 35. Bc6 h3 36. g3 Qe2 37. Bxe4 Qxe4 38. Rf2 Qe1+ 39. Rf1 Qe3+ 0-1

[Event "FIDE U16 Olympiad_boards_1-80"]
[Site "Eindhoven, Netherlands"]
[Date "2023.08.14"]
[Round "2.40"]
[White "Kosak, Karolina"]
[Black "Deak-Sala, Emilia"]
[Result "1/2-1/2"]
[TimeControl "2700+10"]
[WhiteElo "1364"]
[BlackElo "1910"]

1. e4 c5 2. c3 Nf6 3.
e5 Nd5 4. Nf3 Nc6 5. Bc4 Nb6 6.
Bb3 c4 7. Bc2 d5 8. exd6 Qxd6 9. O-O Bg4 10.
h3 Bh5 11. Qe2 e6 12. b3 cxb3 13. axb3 Be7 14. d4 Bg6 15. Re1 O-O 16. Ba3 Qc7 17. Bxe7 Nxe7 18. Ne5 Bxc2 19. Qxc2 Nf5 20.
Qe4 Rfd8 21. g4 Ne7 22. c4 Ng6 23. Nc3 a6 24. Rad1 Rac8 25. Nxg6 hxg6 26. d5 exd5 27. Nxd5 Nxd5 28.
Rxd5 Qb6 29. Re3 Rf8 30. h4 Rc6 31. Qe7 Re6 32. Rxe6 fxe6 33. c5 Qb4 34. Qxe6+ Kh7 35. h5 Rf6 36.
hxg6+ Kxg6 37. Qe8+ Kh7 38.
Rh5+ Rh6 39. Rxh6+ gxh6 40. Qf7+ Kh8 41. Qf6+ Kh7 42. Qf5+ Kg7 43. g5 hxg5 44. Qxg5+ Kf7 45. Qd5+ Kg7 46. Qe5+ Kf7 47. Qc7+ Kf8 48.
Qc8+ Kf7 49. Qd7+ Kf8 50. Qf5+ Ke7 51. Qe5+ Kf7 52. Qc7+ Kf8 53. Qd6+ Kf7 54. Qd5+ Kf8 55. Qf5+ Ke7 56.
Qe5+ Kf7 57. Qe3 Qg4+ 58. Kh2 Qh4+ 59. Kg2 Qg4+ 60. Qg3 Qb4 61. Qf3+ Ke7 62. Qe3+ Kf7 63. Kf3 Qb5 64. Qf4+ Kg7 65. Qd6 Qxb3+ 66. Kg2 Qb5 67.
Qe5+ Kf7 68. Qc7+ Kf6 69. Qd6+ Kf7 70. Qc7+ Ke8 71. Qe5+ Kd7 72. Qd6+ Kc8 73. Qf8+ Kc7 74. Qd6+ Kc8 75. Qf8+ Kc7 76. Qd6+ 1/2-1/2

[Event "FIDE U16 Olympiad_boards_1-80"]
[Site "Eindhoven, Netherlands"]
[Date "2023.08.14"]
[Round "2.41"]
[White "Pidluznij, Gleb"]
[Black "Dubnevych, Maksym"]
[Result "1-0"]
[TimeControl "2700+10"]
[WhiteElo "2143"]
[BlackElo "2196"]

1. e4 e5 2. Nf3 Nc6 3. Nc3 Nf6 4. Bb5 Bb4 5. O-O O-O 6. Bxc6 dxc6 7. d3 Nd7 8. Ne2 Re8 9. Ng3 Bf8 10.
Bg5 f6 11. Be3 g6 12. Kh1 c5 13. Ng1 b6 14. N1e2 Bg7 15. Qd2 h5 16. h4 Nf8 17. Bh6 Ne6 18. Bxg7 Nxg7 19. f4 f5 20.
fxe5 Qxh4+ 21. Kg1 Rxe5 22. Qh6 Re6 23. exf5 gxf5 24. Qxg7+ Kxg7 25. Nxf5+ Kg8 26. Nxh4 Rxe2 27. Rae1 Rxc2 28. Re8+ Kg7 29. Re7+ Kh6 30.
Rff7 Bb7 31. Rg7 Rc1+ 32. Kh2 1-0

[Event "FIDE U16 Olympiad_boards_1-80"]
[Site "Eindhoven, Netherlands"]
[Date "2023.08.14"]
[Round "2.42"]
[White "Hnatyshyn, Anastasiia"]
[Black "Morkunas, Gustas"]
[Result "0-1"]
[TimeControl "2700+10"]
[WhiteElo "2139"]
[BlackElo "2069"]

1. e4 c5 2. Nf3 e6 3.
d4 cxd4 4. Nxd4 a6 5. Bd3 Bc5 6. Nb3 Ba7 7.
Qe2 Nc6 8. Be3 Nge7 9. Nc3 O-O 10. O-O-O Qc7 11. f4 Bxe3+ 12. Qxe3 d6 13. Rhf1 b5 14. f5 Ne5 15. Nd4 b4 16.
Nce2 Nxd3+ 17. Rxd3 e5 18. Nf3 f6 19. g4 Bb7 20. Rfd1 Rac8 21. Ne1 Qa5 22. Kb1 d5 23. exd5 Bxd5 24.
b3 Qc5 25. Qd2 Bc6 26. Ng3 a5 27. Re3 Nd5 28. Rd3 Nc3+ 29. Kb2 Nxd1+ 30. Qxd1 a4 31. Qe2 a3+ 32. Kb1 Bb5 0-1

[Event "FIDE U16 Olympiad_boards_1-80"]
[Site "Eindhoven, Netherlands"]
[Date "2023.08.14"]
[Round "2.43"]
[White "Rudzkis, Vilius"]
[Black "Fishchuk, Vladyslav"]
[Result "0-1"]
[TimeControl "2700+10"]
[WhiteElo "1835"]
[BlackElo "2053"]

1. d4 d5 2. c4 e6 3. Nc3 c5 4. cxd5 cxd4 5. Qa4+ Bd7 6. Qxd4 exd5 7. Nf3 Nf6 8. Bg5 Nc6 9. Qd2 Be6 10.
e3 h6 11. Bxf6 Qxf6 12. Bb5 a6 13. Ba4 Bb4 14. Rc1 O-O 15. O-O Rfd8 16. a3 Bf8 17. Ne2 Rac8 18. Ned4 Bg4 19. h3 Bxf3 20.
Nxf3 d4 21. Bxc6 dxe3 22. Qxe3 Rxc6 23. Rxc6 Qxc6 24. Rc1 Qb5 25. Qc3 Be7 26. b4 Bf6 27. Qc7 Rd5 28. Re1 Qd7 29. Qxd7 Rxd7 30. Re8+ Kh7 31. Kf1 Rd1+ 32. Re1 Rd3 33. Re3 Rxe3 34. fxe3 b5 35. Nd4 Bxd4 36.
exd4 Kg6 37. Ke2 Kf5 38. Kf3 Ke6 39. Ke4 f5+ 40. Kf4 g5+ 41.
Ke3 Kd5 42. Kd3 f4 0-1

[Event "FIDE U16 Olympiad_boards_1-80"]
[Site "Eindhoven, Netherlands"]
[Date "2023.08.14"]
[Round "2.44"]
[White "Kovalskyi, Roman"]
[Black "Mickunaite, Agne"]
[Result "1-0"]
[TimeControl "2700+10"]
[WhiteElo "1989"]
[BlackElo "1681"]

1. e4 c5 2. Nf3 d6 3. d4 cxd4 4. Nxd4 Nf6 5. Nc3 g6 6.
Be3 Bg7 7. f3 a6 8. Qd2 h5 9. Bc4 b5 10. Bd5 Nxd5 11. Nxd5 Bb7 12. O-O-O Nd7 13. Bg5 Nf6 14. Nxf6+ exf6 15.
Bf4 O-O 16. Nb3 Rc8 17. Qxd6 Qxd6 18. Rxd6 g5 19. Be3 Rfe8 20. Nd4 Rc7 21. Rd1 Rec8 22. Rd2 Bf8 23. Rxf6 Bb4 24. Re2 Be7 25.
Rh6 h4 26. Nf5 Bd8 27. Rd2 Rc6 28. Rxc6 Bxc6 29. Rxd8+ Rxd8 30. Ne7+ Kg7 31. Nxc6 f6 32. Nxd8 1-0

[Event "FIDE U16 Olympiad_boards_1-80"]
[Site "Eindhoven, Netherlands"]
[Date "2023.08.14"]
[Round "2.45"]
[White "Hagner, Bennet"]
[Black "Ramaj, Ergit"]
[Result "1-0"]
[TimeControl "2700+10"]
[WhiteElo "2221"]
[BlackElo "2012"]

1. e4 e5 2. Nf3 Nc6 3. Bb5 Nf6 4. d3 Bc5 5. Bxc6 dxc6 6.
Nbd2 Be6 7. Qe2 Nd7 8. Nb3 Bb6 9. Ng5 Qe7 10. O-O O-O-O 11. Nxe6 Qxe6 12. a4 a6 13. Nd2 Bc5 14. Nc4 f6 15.
c3 Be7 16. b4 Nb6 17. Nxb6+ cxb6 18. Be3 b5 19. Rfb1 bxa4 20. Rxa4 Qd7 21. d4 Kb8 22. Ra2 Qe6 23. d5 cxd5 24.
b5 a5 25. Rxa5 d4 26. cxd4 exd4 27. Bf4+ Bd6 28. Rba1 Kc8 29. Bxd6 Qxd6 30. b6 Qe6 31. Qb5 Qc6 32. Qf5+ 1-0

[Event "FIDE U16 Olympiad_boards_1-80"]
[Site "Eindhoven, Netherlands"]
[Date "2023.08.14"]
[Round "2.46"]
[White "Kosta, Kelvin"]
[Black "Ermitsch, Magnus"]
[Result "1-0"]
[TimeControl "2700+10"]
[WhiteElo "1931"]
[BlackElo "2297"]

1. e4 c5 2. Nf3 e6 3. d4 cxd4 4. Nxd4 Nc6 5. Nc3 Qc7 6. Be3 a6 7. Be2 Nf6 8. O-O Be7 9. Kh1 O-O 10.
f4 d6 11. h3 Bd7 12. Qe1 Nxd4 13. Bxd4 b5 14. Bd3 Bc6 15. e5 dxe5 16. fxe5 Nd5 17. Ne4 Rad8 18. Qf2 f5 19. Nd6 Rd7 20.
Bxf5 exf5 21. Nxf5 Rdd8 22. Qg3 Bb4 23. Qg4 Be8 24. c3 Bg6 25. cxb4 Nxb4 26. Nd6 Nc2 27. Bb6 Qxb6 28. Qe6+ Bf7 29.
Rxf7 Rxf7 30. Rf1 Qb8 31. Nxf7 Re8 32. Nh6+ 1-0

[Event "FIDE U16 Olympiad_boards_1-80"]
[Site "Eindhoven, Netherlands"]
[Date "2023.08.14"]
[Round "2.47"]
[White "Peglau, Dora"]
[Black "Boci, Mateo"]
[Result "0-1"]
[TimeControl "2700+10"]
[WhiteElo "1861"]
[BlackElo "1944"]

1. d4 Nf6 2. c4 e6 3. Nf3 b6 4. Nc3 Bb4 5. Qb3 Bxc3+ 6. Qxc3 O-O 7. g3 Bb7 8. Bg2 d6 9. O-O Ne4 10.
Qc2 Qc8 11. Nd2 Nxd2 12. Bxd2 Bxg2 13. Kxg2 Nd7 14. e4 e5 15. d5 a5 16. b3 Nc5 17. a3 a4 18. b4 Nb3 19. Rac1 Nxc1 20.
Rxc1 f5 21. exf5 Rxf5 22. c5 bxc5 23.
bxc5 Qf8 24. Bb4 Qf7 25. Rd1 Rf8 26.
Rd2 Qf6 27. Ba5 Qf7 28. Bb4 Rh5 29. cxd6 Qf3+ 30. Kg1 Rxh2 31. Kxh2 Rf6 32. Qc4 Rh6+ 33. Qh4 Rxh4+ 34. gxh4 cxd6 35.
Kg1 Qf4 36. Kf1 Kf7 37. h5 e4 38. Rc2 Qe5 39. Rc7+ Ke8 40. h6 gxh6 41. Rxh7 Qxd5 42. Rxh6 Qd1+ 43. Kg2 Qg4+ 44. Kf1 d5 45.
Rd6 Qd1+ 46. Kg2 Qf3+ 47. Kf1 Qd3+ 48. Kg2 d4 49. Bc5 Qf3+ 50. Kg1 d3 51. Be3 Qd1+ 52. Kg2 Ke7 53. Rd4 Qf3+ 54.
Kh2 Ke6 55. Rxa4 d2 56. Bxd2 Qxf2+ 57. Kh3 Qxd2 58. Rxe4+ Kf5 59. Rb4 Qc3+ 60. Kh4 Qxa3 61. Rg4 Qe7+ 62. Kh3 Qe1 63. Rg2 Kf4 64. Rf2+ Ke3 65. Rf6 Qc3 66. Rg6 Kf4+ 0-1

[Event "FIDE U16 Olympiad_boards_1-80"]
[Site "Eindhoven, Netherlands"]
[Date "2023.08.14"]
[Round "2.48"]
[White "Omeri, Eklea"]
[Black "Peglau, Charis"]
[Result "0-1"]
[TimeControl "2700+10"]
[WhiteElo "1746"]
[BlackElo "1937"]

1. e4 e6 2. d4 b6 3. Bd3 Bb7 4. Nf3 c5 5. c3 Nf6 6. Bg5 h6 7. Bxf6 Qxf6 8. Nbd2 cxd4 9. cxd4 Nc6 10.
e5 Qd8 11. O-O Be7 12. Nb3 O-O 13. Nfd2 d6 14. Be4 Rb8 15. f4 dxe5 16. dxe5 Nd4 17. Bxb7 Rxb7 18. Kh1 Rd7 19. Nf3 Nxf3 20.
Qxf3 Rd3 21. Qe2 Qd5 22. Rad1 Rd8 23. Rxd3 Qxd3 24. Qf2 Rc8 25. Rc1 Rxc1+ 26. Nxc1 Qd1+ 27. Qg1 Qd2 28. Qf1 Qxb2 29. h3 Qb1 30. Qe1 Ba3 0-1

[Event "FIDE U16 Olympiad_boards_1-80"]
[Site "Eindhoven, Netherlands"]
[Date "2023.08.14"]
[Round "2.49"]
[White "Sadekov, Maksim"]
[Black "Atanasov, Anthony"]
[Result "1-0"]
[TimeControl "2700+10"]
[WhiteElo "2107"]
[BlackElo "2239"]

1. d4 Nf6 2. c4 g6 3. Nc3 d5 4. cxd5 Nxd5 5. e4 Nxc3 6. bxc3 Bg7 7. Nf3 c5 8. Bb5+ Nc6 9. O-O O-O 10.
Be3 Bg4 11. Bxc6 bxc6 12. Qa4 Bxf3 13. gxf3 Qc8 14. e5 Qe6 15. Rfd1 f6 16. dxc5 Kh8 17. exf6 Rxf6 18. Qe4 Qf5 19.
Qxf5 gxf5 20. Rd7 f4 21. Bd4 Rg6+ 22. Kf1 e5 23. Rxg7 Kxg7 24. Bxe5+ Kf7 25. Bxf4 Rf6 26. Be3 Rb8 27.
f4 Rb2 28. Kg2 Rg6+ 29. Kf3 Rh6 30. f5 Rh4 31. Kg3 Ra4 32. Rd1 Rb7 33. Rd6 Rc7 34. Bd4 Rxa2 35. Rd8 a5 36. Rh8 Re7 37.
Rxh7+ Ke8 38. Rh8+ Kd7 39. Kf4 Re8 40. Rh7+ Re7 41. Rh8 Re8 42. Rh7+ Re7 43. Rh6 a4 44. f6 Rf7 45. Kf5 a3 46.
Rh8 Rd2 47. Ra8 a2 48. f4 Rxh2 49. c4 Rd2 50. Be5 Rg2 51. Ra7+ Ke8 52. Ra8+ Kd7 53. Bc3 Rg3 54. Bd4 Rg2 55.
Ba1 Rg3 56. Rxa2 Rg1 57. Ra7+ Ke8 58. Ra8+ Kd7 59. Be5 Rg2 60. Bd6 Rg1 61. Ra7+ Ke8 62. Ra8+ Kd7 63. Ra7+ Ke8 64. Be7 Rf1 65. Ra8+ Kd7 66. Kg6 Ke6 67. f5+ Rxf5 68. Re8 Rf4 69. Bd8+ Kd7 70.
Kxf7 Rxf6 71. Bxf6 1-0